 Dungeon Crawl Stone Soup version 0.27-a0-679-g77a6b55cf3 (webtiles) character file.

Game seed: 12932116147100292963

140 HoaS the Ruffian (level 4, 0/33 (36) HPs)
             Began as a Demigod Gladiator on Mar 18, 2021.
             Succumbed to a kobold's poison
             ... on level 3 of the Dungeon.
             The game lasted 00:02:40 (2475 turns).

HoaS the Ruffian (Demigod Gladiator)                Turns: 2475, Time: 00:02:41

HP:   0/33 (36)     AC:  7    Str: 19    XL:     4   Next: 72%
MP:   6/6           EV: 11    Int: 10    God:
Gold: 195           SH:  5    Dex: 15    Spells: 3/3 levels left

rFire    . . .     SeeInvis .     - Unarmed
rCold    . . .     Faith    .   (no shield)
rNeg     . . .     Spirit   .   f - +0 ring mail
rPois    .         Reflect  +   b - +0 helmet
rElec    .         Harm     .   a - +0 cloak {rCorr}
rCorr    +         Rampage  .   (no gloves)
Will     .....                  (no boots)
Stlth    +.........             g - amulet of reflection
HPRegen  0.11/turn              (no ring)
MPRegen  0.10/turn              (no ring)

@: lethally poisoned (0 -> -13), drained
A: high mp 1, forlorn
a: no special abilities


You were on level 3 of the Dungeon.
You visited 1 branch of the dungeon, and saw 3 of its levels.

You collected 195 gold pieces.

Inventory:

Missiles
 c - a throwing net (quivered)
Armour
 a - a +0 cloak of preservation (worn)
 b - a +0 helmet (worn)
 f - a +0 ring mail (worn)
Jewellery
 g - an amulet of reflection (around neck)
Scrolls
 d - 3 scrolls of identify {unknown}
 e - a scroll of teleportation {unknown}


   Skills:
 - Level 1.7 Fighting
 - Level 1.7 Throwing
 - Level 2.6 Dodging
 + Level 5.2 Unarmed Combat


You had 3 spell levels left.
You didn't know any spells.
Your spell library contained the following spells:

 Spells                   Type           Power      Damage    Failure   Level
 Sting                    Tmut/Pois      0%         1d3       54%         1
 Ensorcelled Hibernation  Hex/Ice        0%         N/A       69%         2
 Ozocubu's Armour         Ice            0%         N/A       89%         3
 Dragon Form              Tmut           0%         N/A       100%        7


Dungeon Overview and Level Annotations

Branches:
Dungeon (3/15)


Innate Abilities, Weirdness & Mutations

Your attributes grow dramatically as you level up.
You have an increased reservoir of magic. (+10% MP)
You shall have no god before yourself.


Message History

The orc is moderately wounded.
The orc hits you with a +2 falchion of draining!
You feel drained.
You closely miss the orc.
The orc is moderately wounded.
The orc barely misses you.
You hit the orc.
The orc is almost dead.
The orc hits you with a +2 falchion of draining.
You feel drained.
You hit the orc.
You kill the orc!
You closely miss the orc. The orc closely misses you.
You hit the orc but do no damage. You block the orc's attack.
You hit the orc.
The orc is heavily wounded.
The orc hits you with a +0 hand axe!
* * * LOW HITPOINT WARNING * * *
You hit the orc.
You kill the orc!
You barely miss the kobold.
The kobold hits you with a +1 whip of venom.
* * * LOW HITPOINT WARNING * * *
You are lethally poisoned!
You hit the kobold.
The kobold is heavily wounded.
* * * LOW HITPOINT WARNING * * *
You feel sick. The kobold hits you but does no damage.
You are more poisoned.
You punch the kobold!
You kill the kobold!
* * * LOW HITPOINT WARNING * * *
You feel sick.
You hit the orc.
The orc is lightly wounded.
* * * LOW HITPOINT WARNING * * *
You feel sick.
You closely miss the orc.
The orc is lightly wounded.
You die...

..........
###.# #.#
##.##..... #.#
#.# #.# #.#.
#.####.####.#
#.# ..
#...........#
#.#
######.######
#.. #.# ### #
#.#
....#########.#
#.....bo@...#
....#.#########
# #


You could see an orc and a bat.

Vanquished Creatures
  A howler monkey (D:2)
  Crazy Yiuf (D:2)
  2 adders (D:2)
  An ooze (D:2)
  A dart slug (D:1)
  A leopard gecko (D:1)
  4 orcs (D:3)
  A ball python (D:1)
  A giant cockroach (D:1)
  4 goblins
  5 hobgoblins
  8 kobolds
  4 bats
  3 frilled lizards (D:1)
  A leopard gecko skeleton (D:3)
  5 rats
43 creatures vanquished.

Notes
Turn   | Place    | Note
-------+----------+-------------------------------------------
     0 | D:1      | HoaS the Demigod Gladiator began the quest for the Orb.
     0 | D:1      | Reached XP level 1. HP: 17/17 MP: 3/3
   134 | D:1      | Reached skill level 3 in Unarmed Combat
   392 | D:1      | Reached XP level 2. HP: 24/24 MP: 4/4
   626 | D:1      | Identified the Reference Book on Shape Shifting and Snow
  1028 | D:2      | Noticed a howler monkey
  1046 | D:2      | Killed a howler monkey
  1047 | D:2      | Reached skill level 4 in Unarmed Combat
  1047 | D:2      | Reached XP level 3. HP: 15/29 MP: 5/5
  1333 | D:2      | Found a runed translucent door.
  1334 | D:2      | Noticed Crazy Yiuf
  1388 | D:2      | Reached XP level 4. HP: 28/36 MP: 6/6
  2220 | D:2      | Killed Crazy Yiuf
  2221 | D:2      | Reached skill level 5 in Unarmed Combat
  2474 | D:3      | HP: 1/33 [poisoned by a kobold]
  2475 | D:3      | Succumbed to a kobold's poison

Illustrated notes

Levels and vault maps discovered:
D:1:      dpeg_arrival_erosion, layout_basic, amcnicky_mini_corridor_feature,
          lemuel_another_geyser
D:2:      layout_basic, nicolae_overflow_hidden_temple, minmay_tetromino_s4,
          uniq_crazy_yiuf_cottage
D:3:      layout_loops_ring, serial_shops, nicolae_shop_crystal

Skill      XL: |  1  2  3  4 |
---------------+-------------+-----
Unarmed Combat | 3 4 5 |  5.2
Fighting       | |  1.7
Throwing       | |  1.7
Dodging        | |  2.6

Action                   |  1- 3 |  4- 6 || total
-------------------------+-------+-------++-------
Melee: Unarmed           |   107 |    63 ||   170
       Punch             |     3 |     2 ||     5
Throw: Throwing net      |     1 |     1 ||     2
 Stab: Held in net/web   |     1 |     1 ||     2
       Sleeping          |     1 |       ||     1
Armor: Leather armour    |    18 |       ||    18
       Ring mail         |       |    10 ||    10
Dodge: Dodged            |    52 |    24 ||    76
Block: Other             |       |     4 ||     4

Table legend: (Time is in decaauts)
 A = Elapsed time spent in this place.
 B = Non-inter-level travel time spent in this place.
 C = Inter-level travel time spent in this place.
 D = Time resting spent in this place.
 E = Time spent auto-exploring this place.
 F = Levels seen in this place.
 G = Mean time per level.
                   A        B        C        D        E       F      G
               +--------+--------+--------+--------+--------+-----+--------+
         Total |   2460 |   2376 |     84 |    472 |   1603 |   3 |  820.0 |
       Dungeon |   2460 |   2376 |     84 |    472 |   1603 |   3 |  820.0 |
               +--------+--------+--------+--------+--------+-----+--------+

Top non-repeatable levels by time:
     D:2: 1315 daAuts
     D:1: 945 daAuts
     D:3: 199 daAuts
